 Dungeon Crawl Stone Soup version 0.23.1-37-gaa34b87b72 (webtiles) character file.

Game seed: 6469693812575885956

128 PikkenKukken the Ruffian (level 4, 0/41 HPs)
             Began as a Troll Earth Elementalist on Mar 26, 2019.
             Slain by an orc wizard
             ... wielding a cursed +0 dagger
              (4 damage)
             ... on level 3 of the Dungeon.
             The game lasted 00:04:09 (1788 turns).

PikkenKukken the Ruffian (Troll Earth Elementalist) Turns: 1788, Time: 00:04:10

Health: 0/41       AC:  6    Str: 16    XL:     4   Next: 86%
Magic:  4/4        EV: 10    Int: 12    God:
Gold:   151        SH:  0    Dex: 10    Spells: 2/5 levels left

rFire    . . .     SeeInvis .     - Unarmed
rCold    . . .     Gourm    +   (no shield)
rNeg     + . .     Faith    .   c - +0 robe
rPois    +         Spirit   .   (helmet restricted)
rElec    .         Reflect  .   (no cloak)
rCorr    .         Harm     .   (gloves unavailable)
MR       .....                  (boots unavailable)
Stlth    +.........             (no amulet)
HPRegen  0.53/turn              o - ring of poison resistance
MPRegen  0.09/turn              r - ring of positive energy

@: no status effects
A: large, unfitting armour, claws 3, fast metabolism 3, gourmand, regeneration
1, shaggy fur 1, tough skin 3
a: no special abilities


You were on level 3 of the Dungeon.
You were completely stuffed.

You visited 1 branch of the dungeon, and saw 3 of its levels.

You collected 151 gold pieces.

Inventory:

Missiles
 b - 92 stones (quivered)
Armour
 c - a +0 robe (worn)
 p - a scarf of spirit shield
Jewellery
 o - a ring of poison resistance (left claw)
 r - a ring of positive energy (right claw)
Scrolls
 a - 4 scrolls of identify
 k - 2 scrolls of amnesia
 l - a scroll of fog {unknown}
 n - a scroll of remove curse
 q - a scroll of magic mapping {unknown}
Potions
 e - a potion of agility
 f - a potion of curing
 g - a potion of mutation
 h - a potion of might
 i - a potion of resistance {unknown}
 j - a potion of brilliance {unknown}
Comestibles
 d - 6 rations
 m - 11 chunks of flesh


   Skills:
 + Level 1.4 Fighting
 + Level 1.5 Throwing
 + Level 2.3 Dodging
 - Level 1.0 Stealth
 * Level 2.7 Unarmed Combat
 - Level 1.2 Spellcasting
 - Level 0.6 Transmutations
 - Level 2.6 Earth Magic


You had 2 spell levels left.
You knew the following spells:

 Your Spells              Type           Power        Failure   Level  Hunger
a - Sandblast             Erth           #.....       10%         1    ##.....
b - Passwall              Tmut/Erth      #.......     22%         2    ###....

Your spell library contained the following spells:

 Spells                   Type           Power        Failure   Level  Hunger
 Confusing Touch          Hex            #.....       30%         1    ##.....
 Stone Arrow              Conj/Erth      #.....       45%         3    ####...
 Confuse                  Hex            #.......     65%         3    ####...
 Gell's Gravitas          Tloc           #.........   65%         3    ####...
 Petrify                  Tmut/Erth      #.......     83%         4    #####..
 Lee's Rapid Deconstruct  Erth           #.........   95%         5    ######.
 Metabolic Englaciation   Hex/Ice        #.........   100%        5    ######.
 Yara's Violent Unravell  Hex/Tmut       #.........   100%        5    ######.


Dungeon Overview and Level Annotations

Branches:
Dungeon (3/15)

Altars:
Ashenzari
Kikubaaqudgha
Trog
Vehumet
Xom


Innate Abilities, Weirdness & Mutations

You are too large for most types of armour.
You have claws for hands.
Your metabolism is lightning-fast.
You like to eat raw meat.
Your natural rate of healing is unusually fast.
You are covered in fur. (AC +1)
You have extremely tough skin. (AC +3)


Message History

Something hits you but does no damage.
You closely miss something. Something hits you but does no damage.
You closely miss something. Something hits you but does no damage.
You miss something. Something hits you. Something hits you but does no damage.
You scratch something. Something hits you.
You miss something. Something hits you but does no damage.
You barely miss something. You closely miss something.
You hear some strange, mumbled words.
A puff of frost appears from out of thin air!
The puff of frost hits you!
* * * LOW HITPOINT WARNING * * *
Something hits you.
* * * LOW HITPOINT WARNING * * *
Okay, then.
You miss something. Something hits you.
* * * LOW HITPOINT WARNING * * *
You scratch something. Something hits you but does no damage.
Something hits you.
You die...

..##.#
#####...#
#.....
#.......# ###
......#.#
#######.# #.#
#.# #.# #.####
## #@...# ..
##{###
#..#.#####(###
#.....(.))...#
K..?..#########
o#..# #.


There were no monsters in sight!

Vanquished Creatures
  An iguana (D:3)
  3 gnolls
  An ooze (D:2)
  2 worms (D:2)
  2 dart slugs
  2 leopard geckos
  2 orcs (D:3)
  5 bats
  3 giant cockroaches (D:3)
  9 goblins
  6 hobgoblins (D:2)
  2 jackals (D:2)
  2 ball pythons
  4 frilled lizards
  8 kobolds
  7 rats
  A toadstool (D:1)
60 creatures vanquished.

Vanquished Creatures (others)
  3 toadstools (D:1)
3 creatures vanquished.

Grand Total: 63 creatures vanquished

Notes
Turn   | Place    | Note
-------+----------+-------------------------------------------
     0 | D:1      | PikkenKukken the Troll Earth Elementalist began the quest
                  | for the Orb.
     0 | D:1      | Reached XP level 1. HP: 16/16 MP: 1/1
   406 | D:1      | Reached XP level 2. HP: 23/24 MP: 2/2
   454 | D:1      | Reached skill level 1 in Unarmed Combat
  1059 | D:1      | Reached XP level 3. HP: 27/32 MP: 1/3
  1088 | D:2      | Reached skill level 1 in Throwing
  1090 | D:2      | Reached skill level 1 in Fighting
  1313 | D:2      | Reached XP level 4. HP: 39/41 MP: 4/4
  1527 | D:3      | Found a radiant altar of Vehumet.
  1527 | D:3      | Found a shattered altar of Ashenzari.
  1527 | D:3      | Found a shimmering altar of Xom.
  1527 | D:3      | Found an ancient bone altar of Kikubaaqudgha.
  1538 | D:3      | Found a bloodstained altar of Trog.
  1673 | D:3      | Learned a level 2 spell: Passwall
  1788 | D:3      | Slain by an orc wizard

Skill      XL: |  1  2  3 |
---------------+----------+-----
Unarmed Combat | 1 2 |  2.7
Throwing       | 1 |  1.5
Dodging        | 2 |  2.3
Fighting       | 1 |  1.4
Stealth        | |  1.0
Spellcasting   | |  1.2
Transmutations | |  0.6
Earth Magic    | |  2.6

Action                   |  1- 3 |  4- 6 || total
-------------------------+-------+-------++-------
Melee: Unarmed           |    85 |    71 ||   156
       Punch             |     1 |       ||     1
 Cast: Sandblast         |     4 |       ||     4
  Use: Scroll            |     6 |       ||     6
 Stab: Sleeping          |     2 |       ||     2
  Eat: Chunk             |    18 |     4 ||    22
Armor: Robe              |    23 |    25 ||    48
Dodge: Dodged            |    43 |    40 ||    83
